 Dungeon Crawl Stone Soup version 0.27.1-33-g824d729ab1 (webtiles) character file.

Game seed: 11615849763216473261

208476 McKennaii the Eclecticist (level 17, -7/111 HPs)
             Began as a Demigod Conjurer on Dec 8, 2021.
             Mangled by a bunyip (25 damage)
             ... on level 1 of the Swamp.
             The game lasted 01:20:32 (48246 turns).

McKennaii the Eclecticist (Demigod Conjurer)       Turns: 48246, Time: 01:20:34

Health: -7/111     AC: 13    Str:  8    XL:     17   Next: 50%
Magic:  1/53       EV: 11    Int: 44    God:
Gold:   2524       SH:  5    Dex: 12    Spells: 26/52 levels left

rFire    . . .     SeeInvis .   O - +0 dagger of the Suns {chaos, Contam rC++ Will+ Int+4}
rCold    + + .     Faith    .   I - +0 buckler
rNeg     . . .     Spirit   .   Z - +1 ring mail "Xusaek" {Harm rElec rPois Stlth-}
rPois    +         Reflect  .   X - +2 hat {Stlth+}
rElec    +         Harm     +   m - +0 cloak
rCorr    .         Rampage  .   z - +2 pair of gloves
Will     +++..                  M - +0 pair of boots
Stlth    +.........             p - amulet of magic regeneration
HPRegen  0.28/turn              Y - ring of magical power
MPRegen  0.58/turn              n - ring of willpower

@: studying Ice Magic
A: high mp 1, forlorn, horns 1
}: 1/15 runes: serpentine
a: no special abilities


You were on level 1 of the Swamp.
You visited 5 branches of the dungeon, and saw 28 of its levels.
You also visited: Sewer and Ice Cave.

You collected 3207 gold pieces.
You spent 683 gold pieces at shops.

Inventory:

Hand Weapons
 L - a +5 spectral scimitar
 O - the +0 dagger of the Suns (weapon) {chaos, Contam rC++ Will+ Int+4}
   (You took it off a kobold demonologist on level 9 of the Dungeon)

   Each time it hits an enemy it has a different, random effect.
   Int:       It affects your intelligence (+4).
   rC:        It greatly protects you from cold.
   Contam:    It causes magical contamination when unequipped.
   Will:      It increases your willpower.
Armour
 m - a +0 cloak (worn)
 z - a +2 pair of gloves (worn)
 I - a +0 buckler (worn)
 M - a +0 pair of boots (worn)
 N - a +2 kite shield
 X - a +2 hat of stealth (worn)
 Z - the +1 ring mail "Xusaek" (worn) {Harm rElec rPois Stlth-}
   (You found it on level 15 of the Dungeon)

   rElec:     It insulates you from electricity.
   rPois:     It protects you from poison.
   Harm:      It increases damage dealt and taken.
   Stlth:     It makes you less stealthy.
Magical Staves
 f - a staff of air
 r - a staff of conjuration
 G - a staff of fire
Jewellery
 n - a ring of willpower (right hand)
 p - an amulet of magic regeneration (around neck)
 C - a ring of fire
 F - a ring of see invisible
 K - a ring of protection from cold
 Y - a ring of magical power (left hand)
Wands
 q - a wand of iceblast (18)
 s - a wand of charming (25)
 E - a wand of paralysis (17)
 H - a wand of acid (19)
 J - a wand of mindburst (13)
 R - a wand of polymorph (7)
 W - a wand of digging (8)
Scrolls
 b - a scroll of amnesia
 d - 4 scrolls of fear
 g - a scroll of brand weapon
 h - 13 scrolls of teleportation
 i - 4 scrolls of immolation
 w - 6 scrolls of enchant weapon
 x - 4 scrolls of summoning
 y - 3 scrolls of fog
 A - 3 scrolls of magic mapping
 B - 3 scrolls of identify
 P - a scroll of silence
 Q - 2 scrolls of enchant armour
 T - 2 scrolls of blinking
 U - 2 scrolls of holy word
Potions
 a - 8 potions of curing
 c - 5 potions of heal wounds
 e - 2 potions of magic
 j - 2 potions of might
 k - 4 potions of cancellation
 l - a potion of flight
 o - 5 potions of haste
 t - a potion of resistance
 u - 2 potions of mutation
 v - 8 potions of lignification
 D - 4 potions of brilliance
 S - 3 potions of berserk rage
 V - 15 potions of ambrosia


   Skills:
 - Level 2.0 Armour
 - Level 4.0 Dodging
 - Level 1.7 Stealth
 + Level 5.4 Shields
 - Level 18.0 Spellcasting
 - Level 15.0 Conjurations
 - Level 2.0 Translocations
 - Level 5.0 Air Magic
 - Level 15.0 Earth Magic


You had 26 spell levels left.
You knew the following spells:

 Your Spells              Type           Power      Damage    Failure   Level
a - Magic Dart            Conj           100%       1d8       0%          1
b - Searing Ray           Conj           100%       3d7       0%          2
c - Iskenderun's Mystic   Conj/Tloc      85%        2d17      1%          4
d - Airstrike             Air            35%        N/A       2%          4
e - Orb of Destruction    Conj           53%        9d16      3%          7
f - Lehudib's Crystal Sp  Conj/Erth      53%        10d13     24%         8

Your spell library contained the following spells:

 Spells                   Type           Power      Damage    Failure   Level
 Animate Skeleton         Necr           78%        N/A       1%          1
 Apportation              Tloc           100%       N/A       1%          1
 Corona                   Hex            43%        N/A       1%          1
 Pain                     Necr           100%       1d9       1%          1
 Shock                    Conj/Air       100%       1d9       1%          1
 Dazzling Flash           Conj/Hex       100%       N/A       1%          3
 Mephitic Cloud           Conj/Pois/Air  78%        N/A       1%          3
 Swiftness                Air            70%        N/A       1%          3
 Fulminant Prism          Conj/Hex       40%        3d20      1%          4
 Leda's Liquefaction      Hex/Erth       40%        N/A       1%          4
 Iron Shot                Conj/Erth      53%        9d10      1%          6
 Call Imp                 Summ           39%        N/A       2%          2
 Ensorcelled Hibernation  Hex/Ice        78%        N/A       2%          2
 Slow                     Hex            39%        N/A       2%          2
 Gell's Gravitas          Tloc           27%        N/A       2%          3
 Teleport Other           Tloc           55%        N/A       2%          3
 Irradiate                Conj/Tmut      40%        3d26      2%          5
 Confusing Touch          Hex            39%        N/A       5%          3
 Summon Guardian Golem    Hex/Summ       39%        N/A       5%          3
 Tukima's Dance           Hex            39%        N/A       5%          3
 Vampiric Draining        Necr           19%        2d8       5%          3
 Passage of Golubria      Tloc           N/A        N/A       8%          4
 Starburst                Conj/Fire      40%        6d12      12%         6
 Animate Dead             Necr           19%        N/A       17%         4
 Dispel Undead            Necr           39%        3d16      17%         4
 Silence                  Hex/Air        28%        N/A       17%         5
 Alistair's Intoxication  Tmut/Pois      26%        N/A       43%         5
 Blade Hands              Tmut           19%        N/A       43%         5
 Yara's Violent Unravell  Hex/Tmut       19%        3d9       43%         5
 Spellforged Servitor     Conj/Summ      40%        N/A       56%         7
 Dispersal                Tloc           27%        N/A       75%         6
 Death Channel            Necr           19%        N/A       95%         6
 Invisibility             Hex            19%        N/A       95%         6
 Shatter                  Erth           53%        3d40*     98%         9
 Dragon Form              Tmut           19%        N/A       100%        7
 Death's Door             Necr           19%        N/A       100%        9


Dungeon Overview and Level Annotations

Branches:
Dungeon (15/15)            Temple (0/1) D:7            Lair (6/6) D:8
  Swamp (1/4) Lair:4        Snake (4/4) Lair:4        Slime (0/5) Lair:6
    Orc (2/2) D:12            Elf (0/3) Orc:2        Vaults (0/5) D:14
 Depths (0/5) D:15          Sewer (visited)           IceCv (visited)

Shops:
Orc:2 (**=   Snake:1 *?:


Innate Abilities, Weirdness & Mutations

Your attributes grow dramatically as you level up.
You have an increased reservoir of magic. (+10% MP)
You shall have no god before yourself.
You have a pair of small horns on your head.


Message History

Aim: a spriggan rider, wielding a +0 spear and quivering stones The orb of destruction hits the spriggan rider!!!
You blow up the spriggan rider!
You blow up the hornet!
You hear a splash. x3
Unknown command.
A tyrant leech comes into view.
You see here a scroll of acquirement.
Something appears at your feet!
A bunyip comes into view.
Unknown command.
Casting: Orb of Destruction (dangerous; 3% risk of failure)
Confirm with . or Enter, or press ? or * to list all spells.
Aiming: Orb of Destruction (dangerous; 3% risk of failure)
Press: ? - help, Shift-Dir - straight line, f - tyrant leech
Aim: a tyrant leech The bunyip howls a warning cry!
You hear a shout!
You can't carry that many items.
Casting: Orb of Destruction (dangerous; 3% risk of failure)
Confirm with . or Enter, or press ? or * to list all spells.
You don't have enough magic to cast this spell.
The orb of destruction hits the tyrant leech!!!!
You blow up the tyrant leech!
A ghost crab comes into view.
Casting: Orb of Destruction (dangerous; 3% risk of failure)
Confirm with . or Enter, or press ? or * to list all spells.
Aiming: Orb of Destruction (dangerous; 3% risk of failure)
Press: ? - help, Shift-Dir - straight line, f - ghost crab
Aim: a ghost crab A swamp dragon comes into view.
The wavering orb of destruction hits the ghost crab!!!
You blow up the ghost crab!
A ghost crab comes into view.
The swamp dragon roars deafeningly!
The bunyip claws you!!
* * * LOW HITPOINT WARNING * * *
The bunyip claws you!
* * * LOW HITPOINT WARNING * * *
The bunyip claws you!!
You die...

♣≈≈.♣♣ .≈≈§≈.≈...♣
♣≈≈.♣ ....§..≈..♣♣
♣..♣♣ .≈D≈≈≈≈≈♣...♣
♣♣..♣ ≈≈.≈≈≈≈♣≈.♣♣.
♣♣...♣
≈.≈≈§≈≈≈.≈♣.♣♣
♣.§≈♣♣
.>^.§§≈≈≈♣..♣♣♣♣♣..♣
♣.≈≈[≈♣♣.≈.♣♣♣..♣
♣..@≈†.≈.≈..♣♣≈.♣
♣=x..≈≈≈≈♣≈≈..≈.♣
♣....§≈≈§≈♣.≈≈.♣♣
♣≈.).≈≈§≈≈≈≈≈≈≈♣
♣≈$..≈≈≈≈§≈.≈≈.♣
♣t..≈≈≈≈≈...≈≈..♣
.≈.≈≈≈§...≈≈♣≈♣.♣
.≈≈.≈≈≈≈≈≈≈≈.≈§≈.♣
≈≈≈......≈≈≈≈≈≈....


You could see a bunyip, a swamp dragon and a ghost crab.

Vanquished Creatures
  Jorgrun (Swamp:1)
  An Ice Fiend (IceCv)
  Kirke (Lair:4)
  6 nagarajas
  A fenstrider witch (Swamp:1)
  The ghost of Mesuenwa the Eclecticist, an adept DEWz of Sif Muna (Snake:2)
  A stone giant (D:15)
  2 bunyips (Swamp:1)
  Snorg (D:12)
  A dire elephant (Lair:6)
  The ghost of Jabberih the Frost Mage, a journeyman MfIE of Vehumet (Lair:4)
  Josephine (D:10)
  19 naga warriors
  An ice dragon (D:14)
  2 vault guards (D:14)
  3 boulder beetles
  A salamander tyrant (Snake:1)
  Erica (D:11)
  A ghost crab (Swamp:1)
  11 hydras
  3 catoblepae
  Erolcha (Orc:2)
  11 anacondas
  2 ogre magi (Orc:2)
  7 centaur warriors
  2 death knights
  16 death yaks
  11 two-headed ogres
  2 tengu warriors (D:15)
  A deep troll shaman (Lair:6)
  4 shock serpents
  An orc high priest (Orc:2)
  11 naga sharpshooters
  Sonja (Orc:1)
  4 salamander mystics
  5 naga ritualists
  9 sea snakes (Snake:4)
  2 deep trolls (Orc:2)
  2 wizards (D:14)
  2 bog bodies
  A deep elf zephyrmancer (Orc:2)
  2 deep elf pyromancers
  A necromancer (D:14)
  3 orc knights
  An obsidian statue (IceCv)
  11 mana vipers
  A manticore (D:13)
  3 orc sorcerers
  2 ugly things
  7 cyclopes
  22 salamanders
  A will-o-the-wisp (Swamp:1)
  2 ice statues (Lair:4)
  8 elephants
  30 black mambas
  28 cane toads
  10 guardian serpents
  13 naga magi
  A gargoyle (D:11)
  Psyche (D:10)
  8 komodo dragons
  8 entropy weaver simulacra (IceCv)
  3 freezing wraiths
  2 kobold demonologists
  A yaktaur (D:14)
  2 efreet
  5 rime drakes
  A golden dragon simulacrum (IceCv)
  8 ice devils (IceCv)
  2 tengu conjurers (D:15)
  The ghost of spimroxx the Shield-Bearer, an amateur MiFi of Okawaru (D:5)
  3 polar bears
  A tyrant leech (Swamp:1)
  A queen bee (Lair:4)
  11 trolls
  2 bloated husks (Swamp:1)
  3 meliai (Lair:4)
  A hornet (Swamp:1)
  13 blink frogs
  9 spriggan simulacra (IceCv)
  5 wyverns
  Sigmund (D:5)
  9 spriggans
  13 wraiths
  6 hogs (Lair:4)
  34 yaks
  5 basilisks
  12 humans (D:14)
  5 vampire mosquitoes
  2 minotaur simulacra (IceCv)
  4 steam dragons
  37 nagas
  A swamp worm (Swamp:1)
  3 harpy simulacra (IceCv)
  7 wargs
  19 water moccasins
  A hydra simulacrum (IceCv)
  Duvessa (D:5)
  2 acid dragons (D:9)
  2 swamp drakes
  An ice beast (D:8)
  An alligator simulacrum (IceCv)
  2 black bears (D:8)
  4 sky beasts
  24 orc warriors
  Purgy (Sewer)
  26 ogres
  2 necrophages
  17 wolves
  23 centaurs
  9 kobold brigands
  17 bullfrogs
  4 scorpions
  A gnoll sergeant (D:12)
  A wyvern zombie (D:8)
  9 deep troll simulacra (IceCv)
  Dowan (D:5)
  24 killer bees
  3 lindwurm simulacra (IceCv)
  2 electric eels
  15 wights
  6 howler monkeys
  A crimson imp (Orc:2)
  4 centaur zombies
  3 hounds
  An iron imp (Orc:2)
  2 jellies
  13 orc priests
  2 gnoll shamans
  A centaur skeleton (D:6)
  2 iguanas
  Terence (D:3)
  18 orc wizards
  2 hound zombies (D:5)
  A hound skeleton (D:4)
  A howler monkey zombie (D:7)
  7 gnolls
  3 adders
  A shadow imp (Orc:2)
  A white imp (Orc:2)
  An ufetubus (D:5)
  A dart slug (D:1)
  70 orcs
  6 bats
  5 endoplasms
  5 giant cockroaches
  7 hobgoblins
  14 kobolds
  13 ball pythons
  7 frilled lizards
  5 goblins
  5 rats
952 creatures vanquished.

Vanquished Creatures (others)
  A goliath frog (Swamp:1)
  2 orc wizards (Orc:2)
  5 orcs (Orc:2)
  37 fungi
  42 plants
87 creatures vanquished.

Grand Total: 1039 creatures vanquished

Notes
Turn   | Place    | Note
-------+----------+-------------------------------------------
     0 | D:1      | McKennaii the Demigod Conjurer began the quest for the Orb.
     0 | D:1      | Reached XP level 1. HP: 14/14 MP: 5/5
   200 | D:1      | Reached skill level 2 in Spellcasting
   445 | D:1      | Reached XP level 2. HP: 20/20 MP: 5/8
  1158 | D:2      | Reached skill level 3 in Spellcasting
  1180 | D:2      | Reached XP level 3. HP: 22/26 MP: 0/10
  1183 | D:2      | Learned a level 2 spell: Searing Ray
  1295 | D:2      | You fall into a shaft and drop 2 floors!
  2198 | D:3      | Reached XP level 4. HP: 33/33 MP: 10/12
  2205 | D:3      | Learned a level 4 spell: Iskenderun's Mystic Blast
  2304 | D:3      | Noticed Terence
  2318 | D:3      | Killed Terence
  2319 | D:3      | Reached skill level 4 in Spellcasting
  2966 | D:4      | Reached XP level 5. HP: 38/38 MP: 6/15
  3116 | D:4      | Reached skill level 5 in Spellcasting
  3376 | D:4      | Reached XP level 6. HP: 37/45 MP: 11/17
  4402 | D:4      | Reached skill level 6 in Spellcasting
  4721 | D:5      | Entered Level 5 of the Dungeon
  5115 | D:5      | Reached skill level 5 in Conjurations
  5115 | D:5      | Reached XP level 7. HP: 50/50 MP: 5/19
  5214 | D:5      | Noticed Dowan
  5214 | D:5      | Noticed Sigmund
  5216 | D:5      | Noticed Duvessa
  5223 | D:5      | Killed Sigmund
  5503 | D:5      | Killed Dowan
  5710 | D:5      | Killed Duvessa
  5831 | D:5      | Reached XP level 8. HP: 57/57 MP: 15/20
  6266 | D:5      | Found a runed translucent door.
  6267 | D:5      | Noticed spimroxx's ghost (amateur MiFi)
  6287 | D:5      | Killed spimroxx's ghost
  6718 | D:6      | Found a glowing drain.
  6791 | Sewer    | Entered a sewer
  6895 | Sewer    | Noticed Purgy
  6898 | Sewer    | Killed Purgy
  7015 | Sewer    | Gained mutation: You have a pair of small horns on your
                  | head. [potion of mutation]
  7062 | D:6      | Reached XP level 9. HP: 62/62 MP: 12/21
  7226 | D:6      | Reached skill level 10 in Conjurations
  7998 | D:7      | Found a staircase to the Ecumenical Temple.
  8798 | D:8      | Reached skill level 7 in Spellcasting
  8990 | D:8      | Reached skill level 8 in Spellcasting
  8990 | D:8      | Noticed a death knight
  9436 | D:8      | Reached XP level 10. HP: 46/69 MP: 7/27
  9455 | D:8      | Killed a death knight
  9456 | D:8      | Reached skill level 9 in Spellcasting
  9809 | D:8      | Noticed a two-headed ogre
  9816 | D:8      | Killed a two-headed ogre
  9817 | D:8      | Reached skill level 10 in Spellcasting
  9967 | D:8      | Noticed a two-headed ogre
  9974 | D:8      | Killed a two-headed ogre
 10473 | D:8      | Found a staircase to the Lair.
 10577 | D:8      | Learned a level 7 spell: Orb of Destruction
 11169 | D:9      | Reached XP level 11. HP: 74/74 MP: 22/29
 11702 | D:9      | Identified the +0 dagger of the Suns {chaos, Contam rC++
                  | Will+ Int+4}
 11718 | D:9      | Noticed a deep elf pyromancer
 11750 | D:9      | Killed a deep elf pyromancer
 12038 | D:10     | Entered Level 10 of the Dungeon
 12038 | D:10     | Noticed Psyche
 12042 | D:10     | Killed Psyche
 12218 | D:9      | Found a large runed translucent door.
 12218 | D:9      | Found a large runed translucent door.
 12740 | D:10     | Noticed Josephine
 12762 | D:10     | Killed Josephine
 14198 | D:11     | Noticed Erica
 14211 | D:11     | Killed Erica
 14438 | D:11     | Noticed a boulder beetle
 14470 | D:11     | Killed a boulder beetle
 15372 | D:12     | Noticed a boulder beetle
 15384 | D:12     | Killed a boulder beetle
 15385 | D:12     | Reached XP level 12. HP: 6/81 MP: 7/30
 15841 | D:12     | Noticed Snorg
 15850 | D:12     | Killed Snorg
 15976 | D:12     | Found a staircase to the Orcish Mines.
 15995 | D:12     | Reached skill level 15 in Conjurations
 16001 | D:12     | Reached skill level 1 in Shields
 16633 | D:13     | Noticed a centaur warrior
 16636 | D:13     | Noticed a centaur warrior
 16960 | D:13     | Noticed a centaur warrior
 16965 | D:13     | Killed a centaur warrior
 17136 | D:13     | Killed a centaur warrior
 17150 | D:13     | Killed a centaur warrior
 17285 | D:13     | Noticed a catoblepas
 17296 | D:13     | Killed a catoblepas
 17318 | D:13     | Noticed a five-headed hydra
 17481 | D:13     | Killed a five-headed hydra
 17482 | D:13     | Reached skill level 11 in Spellcasting
 17936 | D:14     | Noticed a six-headed hydra
 17941 | D:14     | Noticed a centaur warrior
 17946 | D:14     | Killed a six-headed hydra
 17946 | D:14     | Killed a centaur warrior
 18064 | D:14     | Found a frozen archway.
 18064 | D:14     | Noticed an ice dragon
 18083 | D:14     | Killed an ice dragon
 18193 | IceCv    | Entered an ice cave
 18749 | IceCv    | Reached skill level 12 in Spellcasting
 19119 | IceCv    | Reached XP level 13. HP: 86/86 MP: 29/34
 19831 | IceCv    | Noticed an Ice Fiend
 20588 | IceCv    | Killed an Ice Fiend
 20589 | IceCv    | Reached skill level 13 in Spellcasting
 20944 | IceCv    | Identified the +3 dire flail of Doom {vorpal, rF+ Int+2
                  | Stlth+}
 23155 | D:14     | Reached skill level 14 in Spellcasting
 23162 | D:14     | Identified the +1 buckler "Lainoeborgh" {Rampage MP+9 Int+3
                  | Slay+5}
 23881 | D:14     | Found a gate to the Vaults.
 24111 | D:15     | Entered Level 15 of the Dungeon
 24848 | D:15     | Identified the +1 ring mail "Xusaek" {Harm rElec rPois
                  | Stlth-}
 25230 | D:15     | Found a staircase to the Depths.
 25230 | D:15     | Noticed a stone giant
 25231 | D:15     | Killed a stone giant
 25622 | Lair:1   | Entered Level 1 of the Lair of Beasts
 25819 | Lair:1   | Reached XP level 14. HP: 93/93 MP: 33/38
 25893 | Lair:1   | Reached skill level 15 in Spellcasting
 26925 | Lair:2   | You fall into a shaft and drop 2 floors!
 27287 | Lair:4   | Noticed Kirke
 27365 | Lair:4   | Killed Kirke
 27366 | Lair:4   | Reached skill level 16 in Spellcasting
 27473 | Lair:4   | Found a transporter.
 29982 | Lair:4   | Noticed Jabberih's ghost (journeyman MfIE)
 30175 | Lair:4   | Found a staircase to the Snake Pit.
 30322 | Lair:4   | Found a staircase to the Swamp.
 30342 | Lair:4   | Found a transporter.
 30534 | Lair:4   | Reached skill level 17 in Spellcasting
 30540 | Lair:4   | Learned a level 4 spell: Airstrike
 30549 | Lair:4   | Learned a level 8 spell: Lehudib's Crystal Spear
 30722 | Lair:4   | Reached skill level 1 in Air Magic
 30722 | Lair:4   | Reached skill level 1 in Earth Magic
 30984 | Lair:4   | Reached XP level 15. HP: 62/99 MP: 35/41
 31467 | Lair:4   | Killed Jabberih's ghost
 31941 | Lair:5   | Identified a scroll of acquirement
 31975 | Lair:5   | Acquired the Incunabulum of the Ghastly Rocks
 32545 | Lair:6   | Entered Level 6 of the Lair of Beasts
 33663 | Lair:6   | Identified the +0 ring mail of the Hidden Things {+Blink
                  | rF+ Stlth-}
 33810 | Lair:6   | Found a staircase to the Slime Pits.
 33837 | Lair:6   | Identified the +7 mace "McKennaii's Death" {freeze, rC-
                  | Str+5 Int+4}
 34239 | Orc:1    | Entered Level 1 of the Orcish Mines
 34949 | Orc:1    | Reached skill level 5 in Air Magic
 34949 | Orc:1    | Reached skill level 5 in Earth Magic
 35066 | Orc:1    | Noticed Sonja
 35068 | Orc:1    | Killed Sonja
 35280 | Orc:2    | Entered Level 2 of the Orcish Mines
 35979 | Orc:2    | Reached skill level 1 in Armour
 36151 | Orc:2    | Noticed Erolcha
 36399 | Orc:2    | Killed Erolcha
 36869 | Orc:2    | Found Nuohacon's General Store.
 36870 | Orc:2    | Found Rauferom's Antique Weapon Shoppe.
 36879 | Orc:2    | Found Gumayn's Jewellery Boutique.
 36885 | Orc:2    | Bought a scroll of teleportation for 42 gold pieces
 36885 | Orc:2    | Bought a potion of curing for 42 gold pieces
 36906 | Orc:2    | Found Set Tem's General Store.
 36983 | Orc:2    | Bought a scroll of identify for 28 gold pieces
 36983 | Orc:2    | Bought a scroll of identify for 28 gold pieces
 36996 | Orc:2    | Bought a potion of brilliance for 56 gold pieces
 36996 | Orc:2    | Bought a potion of brilliance for 56 gold pieces
 37014 | Orc:2    | Bought a potion of lignification for 42 gold pieces
 37014 | Orc:2    | Bought a potion of ambrosia for 112 gold pieces
 37430 | Orc:2    | Found a staircase to the Elven Halls.
 37726 | Snake:1  | Entered Level 1 of the Snake Pit
 38398 | Snake:1  | Reached skill level 18 in Spellcasting
 38398 | Snake:1  | Reached XP level 16. HP: 90/105 MP: 24/43
 38626 | Snake:1  | Found Nirouc's Assorted Antiques.
 38630 | Snake:1  | Found Zuopudgh's Magic Scroll Shoppe.
 38631 | Snake:1  | Found Wunwobb's Book Emporium.
 38634 | Snake:1  | Bought a scroll of teleportation for 105 gold pieces
 38634 | Snake:1  | Bought a scroll of identify for 70 gold pieces
 38638 | Snake:1  | Bought a scroll of identify for 34 gold pieces
 38638 | Snake:1  | Bought a scroll of identify for 34 gold pieces
 38638 | Snake:1  | Bought a scroll of identify for 34 gold pieces
 40196 | Snake:1  | Reached skill level 10 in Earth Magic
 40932 | Snake:2  | Found a runed translucent door.
 40933 | Snake:2  | Noticed Mesuenwa's ghost (adept DEWz)
 42764 | Snake:2  | Killed Mesuenwa's ghost
 45190 | Snake:4  | Entered Level 4 of the Snake Pit
 45999 | Snake:4  | Reached XP level 17. HP: 105/111 MP: 40/44
 47705 | Snake:4  | Got a serpentine rune of Zot
 48002 | Swamp:1  | Entered Level 1 of the Swamp
 48003 | Swamp:1  | Noticed Jorgrun
 48010 | Swamp:1  | Killed Jorgrun
 48232 | Swamp:1  | Reached skill level 15 in Earth Magic
 48237 | Swamp:1  | Reached skill level 5 in Shields
 48241 | Swamp:1  | Acquired the ring of Twilight {rF+ rC+ rN+}
 48246 | Swamp:1  | Mangled by a bunyip

Illustrated notes

Levels and vault maps discovered:
D:1:      lightli_arrival_quake, layout_basic
D:2:      layout_rooms, kennysheep_generic_room_16
D:3:      layout_rooms, uniq_terence
D:4:      layout_layer_cave, guppyfry_early_orc_mine
D:5:      layout_basic, ebering_ghost_reflecting_pool,
          corexii_item_surrounded_by_moat, minmay_misc_feat_ornament,
          uniq_duvessa, uniq_sigmund
D:6:      layout_loops_ring, vehumet_crystals, grunt_temple_overflow_open,
          mainiacjoe_overflow_24_doors, cheibrodos_sewer_entry_drain,
          minmay_liquid_box, st_stairs_6,
          hangedman_abyss_or_decor_jellyfish_corner
D:7:      layout_basic, nicolae_overflow_hidden_temple,
          minmay_temple_entry_glassed_door
D:8:      kb_forest_paths, layout_basic, grunt_lair_entry_orc_guard_hut
D:9:      due_chaos_kobolds, layout_cross, minmay_checkerbox
D:10:     layout_loops_ring, uniq_psyche, uniq_josephine
D:11:     layout_irregular_city, uniq_erica
D:12:     layout_basic, kennysheep_orc_monster_closet_entryway, uniq_snorg
D:13:     layout_rooms
D:14:     layout_grid_maze, grunt_vaults_entry_tiered,
          portal_ice_cave_entry_dragon, nrook_campfire
D:15:     grunt_enter_depths_snipers, layout_irregular_city,
          chequers_serial_rivers_small_3
Lair:1:   layout_gridlike, nicolae_volcano_entry_s_turn, serial_bayou_shore_b
Lair:2:   layout_regular_city
Lair:3:   layout_chaotic_city, beast_lair_carwin_7
Lair:4:   layout_cave_shapes, minmay_swamp_entry_reptiles,
          minmay_snake_entry_guardpost_small, special_room [special_room_bee],
          nzn_ghost_randoct, ldierk_geyser, st_stairs_6, fungi_pond_lemuel,
          beast_lair_carwin_10, uniq_kirke
Lair:5:   layout_concentric_octagons
Lair:6:   grunt_lair_end_beastmaster, layout_hall_layers, slime_altar_1,
          lemuel_fruit_tree
Swamp:1:  layout_falls_marsh, hangedman_swamp_ruin_wall, uniq_jorgrun
Snake:1:  layout_chambers, basic_altar, minmay_shop_star
Snake:2:  layout_basic, ebering_ghost_inner_flame, grunt_megastairs_4
Snake:3:  layout_honeycomb
Snake:4:  grunt_snake_rune_pools, layout_misc_corridors, serial_bayou_ford_a
Orc:1:    layout_diamond_mine, uniq_sonja
Orc:2:    st_orc_open, layout_caves, hangedman_minor_magic, uniq_erolcha

Skill      XL: |  1  2  3  4  5  6  7  8  9 10 11 12 13 14 15 16 17 |
---------------+----------------------------------------------------+-----
Spellcasting   | 2 3 4 5 6 8 10 12 14 17 18 | 18.0
Conjurations   | 5 7 9 10 11 14 15 | 15.0
Translocations | 2 |  2.0
Dodging        | 4 |  4.0
Shields        | 4 5 |  5.4
Air Magic      | 1 5 |  5.0
Earth Magic    | 1 7 13 15 | 15.0
Armour         | 2 |  2.0
Stealth        | |  1.7

Action                   |  1- 3 |  4- 6 |  7- 9 | 10-12 | 13-15 | 16-18 || total
-------------------------+-------+-------+-------+-------+-------+-------++-------
Melee: Staff             |     6 |       |       |       |       |       ||     6
       Falchion          |       |     3 |    15 |     5 |       |       ||    23
       Headbutt          |       |       |     1 |     9 |     5 |       ||    15
       Scimitar          |       |       |       |    18 |       |       ||    18
       Dagger            |       |       |       |       |    53 |     4 ||    57
 Cast: Magic Dart        |    67 |    81 |    59 |   165 |   573 |       ||   945
       Searing Ray       |     2 |    16 |    49 |   122 |   160 |     3 ||   352
       Iskenderun's Myst |       |       |    12 |    75 |   343 |   107 ||   537
       Orb of Destructio |       |       |       |     6 |    62 |    32 ||   100
       Airstrike         |       |       |       |       |    51 |   417 ||   468
Evoke: Wand              |       |       |       |    12 |     4 |       ||    16
  Use: Potion            |       |       |     9 |     2 |       |       ||    11
       Scroll            |       |       |       |     8 |    13 |     5 ||    26
 Stab: Petrified         |       |       |       |       |     9 |       ||     9
Armor: Robe              |    11 |     2 |     7 |       |       |       ||    20
       Troll leather arm |       |       |     3 |       |       |       ||     3
       Steam dragon scal |       |       |       |    36 |    13 |       ||    49
       Skin              |       |       |       |     1 |       |       ||     1
       Ring mail         |       |       |       |       |    82 |    42 ||   124
Dodge: Dodged            |    13 |    19 |    42 |   102 |   118 |    65 ||   359
Block: Other             |       |       |     2 |    23 |       |       ||    25
       Reflection        |       |       |       |    25 |    15 |       ||    40
       Buckler           |       |       |       |    45 |   102 |    25 ||   172
       Rpst.: Falchion   |       |     3 |    13 |     5 |       |       ||    21
       Scimitar          |       |       |       |    13 |       |       ||    13
